 Dungeon Crawl Stone Soup version 0.24-a0-520-g8fd06ad0bc (webtiles) character file.

Game seed: 9442675422639745522

16 vurker the Bolt Thrower (level 2, 0/18 HPs)
             Began as a Kobold Hunter on July 27, 2019.
             Slain by a jackal (2 damage)
             ... on level 1 of the Dungeon.
             The game lasted 00:01:22 (803 turns).

vurker the Bolt Thrower (Kobold Hunter)              Turns: 803, Time: 00:01:23

Health: 0/18       AC:  3    Str:  9    XL:     2   Next: 75%
Magic:  2/2        EV: 14    Int: 12    God:
Gold:   19         SH:  0    Dex: 15    Spells: 1/1 levels left

rFire    . . .     SeeInvis .   b - +0 short sword (curse)
rCold    . . .     Gourm    .   (shield restricted)
rNeg     . . .     Faith    .   c - +0 leather armour
rPois    .         Spirit   .   (no helmet)
rElec    .         Reflect  .   (no cloak)
rCorr    .         Harm     .   (no gloves)
MR       .....                  (no boots)
Stlth    ++........             (no amulet)
HPRegen  0.06/turn              (no ring)
MPRegen  0.08/turn              (no ring)

@: no status effects
A: small, carnivore
a: no special abilities


You were on level 1 of the Dungeon.
You were very full.

You visited 1 branch of the dungeon, and saw 1 of its levels.

You collected 19 gold pieces.

Inventory:

Hand Weapons
 a - a +1 hand crossbow
 b - a cursed +0 short sword (weapon)
   (You found it on level 1 of the Dungeon)
Missiles
 d - 20 bolts
Armour
 c - a +0 leather armour (worn)
Scrolls
 k - a scroll of magic mapping {unknown}
Potions
 f - 2 potions of agility {unknown}
 g - a potion of might {unknown}
 h - a potion of cancellation {unknown}
 i - a potion of curing {unknown}
Comestibles
 e - a ration


   Skills:
 + Level 2.4 Fighting
 * Level 1.6 Short Blades
 * Level 5.2 Crossbows
 - Level 2.4 Dodging
 - Level 1.3 Stealth


You had one spell level left.
You didn't know any spells.
Your spell library was empty.

Dungeon Overview and Level Annotations

Branches:
Dungeon (1/15)

Altars:


Innate Abilities, Weirdness & Mutations

You are small and have problems with some larger weapons.
You are carnivorous and can eat meat at any time.


Message History

You miss the jackal.
The jackal barks!
The jackal stops to sniff the ground.
The jackal barely misses you. The jackal misses you.
You barely miss the jackal. You hit the jackal but do no damage.
The jackal barely misses you.
The jackal bites you but does no damage.
The jackal barely misses you.
You closely miss the jackal. The jackal misses you. x2
You hit the jackal but do no damage. The jackal closely misses you. x2
The jackal misses you. The jackal bites you.
You miss the jackal. The jackal closely misses you. x2
You hit the jackal. The jackal bites you. The jackal closely misses you.
The jackal bites you but does no damage.
You barely miss the jackal. The jackal barely misses you. x2
The jackal completely misses you.
You hit the jackal. The jackal closely misses you. The jackal misses you.
The jackal closely misses you.
You hit the jackal.
You kill the jackal!
The jackal misses you. x2
You hit the dart slug.
The jackal bites you but does no damage.
You hit the dart slug. The jackal closely misses you. The dart slug misses you.
A jackal comes into view.
The jackal bites you but does no damage.
The jackal barks!
You hit the dart slug. The jackal misses you.
The dart slug launches a dart at you. The slug dart hits you.
* * * LOW HITPOINT WARNING * * *
You are too injured to fight recklessly!
Unknown command.
You completely miss the dart slug. The jackal misses you.
You hit the dart slug but do no damage.
The jackal bites you but does no damage.
The dart slug misses you. The jackal bites you.
* * * LOW HITPOINT WARNING * * *
You hit the dart slug but do no damage. The jackal barely misses you.
The dart slug launches a dart at you. The slug dart misses you.
You hit the dart slug but do no damage. The jackal misses you.
The dart slug launches a dart at you. The slug dart hits you.
* * * LOW HITPOINT WARNING * * *
The jackal bites you but does no damage.
You hit the dart slug.
You kill the dart slug!
The jackal bites you.
You die...

#.... #.... .... #### ... ... ..
.h #.#h #..# .P. #h##### #...P..
#@h...#####P.P♣P.. ####
#...........♣P. ♣P ...#
#)..........PP . ...#
#...........♣♣ ♣
...########♣♣♣♣♣♣♣♣♣......P.♣ ♣
÷(.........................P♣♣♣♣♣
...........♣♣♣♣♣♣♣♣♣.......P..♣P♣
##..........# #.#####..PP♣..
.####.......# #)# #......P.


You could see 3 jackals.

Vanquished Creatures
  2 dart slugs (D:1)
  A bat (D:1)
  A goblin (D:1)
  2 hobgoblins (D:1)
  A jackal (D:1)
  2 kobolds (D:1)
  A ball python (D:1)
  A frilled lizard (D:1)
11 creatures vanquished.

Notes
Turn   | Place    | Note
-------+----------+-------------------------------------------
     0 | D:1      | vurker the Kobold Hunter began the quest for the Orb.
     0 | D:1      | Reached XP level 1. HP: 12/12 MP: 1/1
   209 | D:1      | Reached skill level 1 in Short Blades
   209 | D:1      | Reached skill level 5 in Crossbows
   209 | D:1      | Reached XP level 2. HP: 9/18 MP: 2/2
   803 | D:1      | Slain by a jackal

Levels and vault maps discovered:
D:1:      evilmike_arrival_run_for_it, layout_basic, serial_forest,
          infiniplex_forest_straight_1, infiniplex_forest_clump_double,
          infiniplex_forest_straight_3, infiniplex_forest_zigzag_2,
          infiniplex_forest_lined_2, infiniplex_forest_clump_large,
          infiniplex_forest_clump_curved, infiniplex_forest_straight_4

Skill      XL: |  1 |
---------------+----+-----
Short Blades   | 1 |  1.6
Crossbows      | 5 |  5.2
Fighting       | |  2.4
Dodging        | |  2.4
Stealth        | |  1.3

Action                   || total
-------------------------++-------
Melee: Short sword       ||    96
 Fire: Hand crossbow     ||     3
  Eat: Chunk             ||     7
Armor: Leather armour    ||    17
Dodge: Dodged            ||    68

Table legend:
 A = Non-vault XP
 B = Vault XP
 C = Vault XP percentage of total XP
 D = Non-vault monster count
 E = Vault monster count
 F = Vault count percentage of total count
                 A         B        C        D         E       F
            +---------+---------+-------+---------+---------+-------
      Total |      24 |       0 |   0.0 |      11 |       0 |   0.0
            +---------+---------+-------+---------+---------+-------
        D:1 |      24 |       0 |   0.0 |      11 |       0 |   0.0
            +---------+---------+-------+---------+---------+-------
